APP
BALTIMORE (APP) ORIOLES @ PRINCETON RAYS
10/16/2047
 
TOP OF THE 1ST
Baltimore (APP) Orioles batting - Pitching for Pulaski Yankees : RHP Casey Shaw
Pitching: RHP Casey Shaw
Batting: RHB Rafael Medina 0-0: Ball
1-0: SINGLE (Groundball, 56D, EV 95.0 MPH)
Batting: RHB Eric Meijerink 0-0: Ball
1-0: Called Strike
1-1: SINGLE (Groundball, 34D, EV 105.0 MPH)
Rafael Medina to second
Runner from 2nd tries for 3rd, SAFE, throw by RF made to third
Batting: LHB Stu Sornson 0-0: Called Strike
0-1: Ball
1-1: Ball
2-1: Fielders Choice at 2nd, 1-6 (Groundball, 34S, EV 89.4 MPH)
Batting: RHB Omar Mascarenas 0-0: Ball
1-0: Ball
Stu Sornson steals 2nd base
2-0: Ball
3-0: Ground out 6-3 (Groundball, 6, EV 77.5 MPH)
Rafael Medina scores
Stu Sornson to third
Batting: RHB Sean Ward 0-0: Ground out 4-3 (Groundball, 4, EV 105.0 MPH)
Top of the 1st over - 1 run, 2 hits, 0 errors, 1 left on base; Baltimore (APP) 1 - Pulaski 0
BOTTOM OF THE 1ST
Pulaski Yankees batting - Pitching for Baltimore (APP) Orioles : RHP Jeff Recker
Pitching: RHP Jeff Recker
Batting: RHB Victor Quinones 0-0: Called Strike
0-1: Called Strike
0-2: Ball
1-2: Strikes out looking
Batting: RHB Stephen Charbonneau 0-0: Foul Ball, location: 2F
0-1: Foul Ball, location: 2F
0-2: Foul Ball, location: 2F
0-2: Ball
1-2: Foul Ball, location: 2F
1-2: Ball
2-2: Ball
3-2: Foul Ball, location: 2F
3-2: Ground out 6-3 (Groundball, 6, EV 99.4 MPH)
Batting: LHB Yao-pang Tien 0-0: Ball
1-0: Ball
2-0: Ball
3-0: Base on Balls
Batting: LHB Javier Casas 0-0: Swinging Strike
0-1: Called Strike
0-2: Ball
1-2: Ball
2-2: Ball
3-2: Ground out 4-3 (Groundball, 34, EV 96.9 MPH)
Bottom of the 1st over - 0 runs, 0 hits, 0 errors, 1 left on base; Baltimore (APP) 1 - Pulaski 0
TOP OF THE 2ND
Baltimore (APP) Orioles batting - Pitching for Pulaski Yankees : RHP Casey Shaw
Batting: RHB Andres Cervantes 0-0: SINGLE (Line Drive, 7S, EV 110.6 MPH)
Batting: RHB Joel Escalera 0-0: Swinging Strike
0-1: Grounds into double play, 1-6-3 (Groundball, 13S, EV 64.4 MPH)
Batting: RHB Trevor Smith 0-0: Ball
1-0: Ball
2-0: Called Strike
2-1: Foul Ball, location: 2F
2-2: Ball
3-2: Ground out 5-3 (Groundball, 56S, EV 91.9 MPH)
Top of the 2nd over - 0 runs, 1 hit, 0 errors, 0 left on base; Baltimore (APP) 1 - Pulaski 0
BOTTOM OF THE 2ND
Pulaski Yankees batting - Pitching for Baltimore (APP) Orioles : RHP Jeff Recker
Batting: RHB Bryan Shackelford 0-0: Ball
1-0: Swinging Strike
1-1: Foul Ball, location: 2F
1-2: Hit by Pitch
Batting: LHB Aaron Caron 0-0: Swinging Strike
0-1: Foul Ball, location: 2F
0-2: Strikes out looking
Batting: RHB Fernando Cruz 0-0: Foul Ball, location: 2F
0-1: TRIPLE (Line Drive, 9D, EV 108.8 MPH)
Bryan Shackelford scores
Batting: RHB Raul Bueno 0-0: DOUBLE (Flyball, 89D, EV 99.4 MPH)
Fernando Cruz scores
Batting: RHB David Rodriquez 0-0: Called Strike
0-1: Ball
1-1: Ball
2-1: Swinging Strike
2-2: Strikes out swinging
Batting: RHB Victor Quinones 0-0: Called Strike
0-1: Ball
1-1: TRIPLE (Groundball, 3L, EV 108.1 MPH)
Raul Bueno scores
Batting: RHB Stephen Charbonneau 0-0: Ball
1-0: Ball
2-0: Ball
3-0: Called Strike
3-1: Foul Ball, location: 2F
3-2: Foul Ball, location: 2F
3-2: Ground out 4-3 (Groundball, 34, EV 90.0 MPH)
Bottom of the 2nd over - 3 runs, 3 hits, 0 errors, 1 left on base; Baltimore (APP) 1 - Pulaski 3
TOP OF THE 3RD
Baltimore (APP) Orioles batting - Pitching for Pulaski Yankees : RHP Casey Shaw
Batting: RHB Brett Steele 0-0: Ball
1-0: Ball
2-0: SINGLE (Groundball, 34D, EV 100.6 MPH)
Batting: RHB Rafael Medina 0-0: Ball
1-0: Ball
2-0: Called Strike
2-1: Swinging Strike
2-2: Ball
3-2: Foul Ball, location: 2F
3-2: Base on Balls
Brett Steele to second
Batting: RHB Eric Meijerink 0-0: Ball
1-0: Called Strike
1-1: Ball
2-1: TRIPLE (Flyball, 78XD, EV 101.9 MPH)
Brett Steele scores
Rafael Medina scores
Batting: LHB Stu Sornson 0-0: Called Strike
0-1: SINGLE (Groundball, 6D, EV 104.4 MPH)
Eric Meijerink scores
Batting: RHB Omar Mascarenas 0-0: Ball
1-0: Fielders Choice at 2nd, 6-4 (Groundball, 6, EV 109.4 MPH)
Batting: RHB Sean Ward 0-0: Called Strike
0-1: Called Strike
0-2: Strikes out looking
Batting: RHB Andres Cervantes Pickoff Throw to First - Out! 1-3
Top of the 3rd over - 3 runs, 3 hits, 0 errors, 0 left on base; Baltimore (APP) 4 - Pulaski 3
BOTTOM OF THE 3RD
Pulaski Yankees batting - Pitching for Baltimore (APP) Orioles : RHP Jeff Recker
Batting: LHB Yao-pang Tien 0-0: Foul Ball, location: 2F
0-1: Foul Ball, location: 2F
0-2: SINGLE (Flyball, 89S, EV 86.3 MPH)
Batting: LHB Javier Casas 0-0: Called Strike
0-1: Ball
1-1: Called Strike
1-2: Foul Ball, location: 2F
1-2: Ball
2-2: Ball
3-2: Base on Balls
Yao-pang Tien to second
Batting: RHB Bryan Shackelford 0-0: Called Strike
0-1: Ball
1-1: Ball
2-1: Foul Ball, location: 2F
2-2: Ball
3-2: Hit by Pitch
Yao-pang Tien to third
Javier Casas to second
Batting: LHB Aaron Caron 0-0: Called Strike
0-1: Ball
1-1: Foul Ball, location: 2F
1-2: Foul Ball, location: 2F
1-2: Fly out, F7 (Flyball, 78M, EV 95.0 MPH)
Batting: RHB Fernando Cruz 0-0: Called Strike
0-1: Called Strike
0-2: Fly out, F7 (Flyball, 7D, EV 99.4 MPH)
Batting: RHB Raul Bueno 0-0: Foul Ball, location: 2F
0-1: Foul Ball, location: 2F
0-2: Strikes out looking
Bottom of the 3rd over - 0 runs, 1 hit, 0 errors, 3 left on base; Baltimore (APP) 4 - Pulaski 3
TOP OF THE 4TH
Baltimore (APP) Orioles batting - Pitching for Pulaski Yankees : RHP Casey Shaw
Batting: RHB Andres Cervantes 0-0: Foul Ball, location: 2F
0-1: Ball
1-1: Ball
2-1: Ball
3-1: Ground out 1-3 (Groundball, 34S, EV 81.9 MPH)
Batting: RHB Joel Escalera 0-0: Ball
1-0: Swinging Strike
1-1: SINGLE (Groundball, 6MD, EV 96.9 MPH)
Batting: RHB Trevor Smith 0-0: Called Strike
0-1: Foul Ball, location: 2F
0-2: Grounds into double play, 5-4-3 (Groundball, 56S, EV 87.5 MPH)
Top of the 4th over - 0 runs, 1 hit, 0 errors, 0 left on base; Baltimore (APP) 4 - Pulaski 3
BOTTOM OF THE 4TH
Pulaski Yankees batting - Pitching for Baltimore (APP) Orioles : RHP Jeff Recker
Pitching: RHP Nick Bentley
Batting: RHB David Rodriquez 0-0: Ball
1-0: Ball
2-0: Called Strike
2-1: Ball
3-1: Base on Balls
Batting: RHB Victor Quinones 0-0: Called Strike
0-1: Ball
1-1: Ball
2-1: Fielders Choice at 2nd, 4-6 (Groundball, 34, EV 103.8 MPH)
Batting: RHB Stephen Charbonneau 0-0: Called Strike
Victor Quinones steals 2nd base
0-1: SINGLE (Line Drive, 34D, EV 95.6 MPH)
Victor Quinones to third
Runner from 3rd tries for Home, throw by RF and OUT! 9-2
Batting: LHB Yao-pang Tien 0-0: Ball
Stephen Charbonneau steals 2nd base
1-0: Ball
2-0: Called Strike
2-1: Foul Ball, location: 2F
2-2: Foul Ball, location: 2F
2-2: Foul Ball, location: 2F
2-2: Foul Ball, location: 2F
2-2: Ball
Wild Pitch!
Stephen Charbonneau to third
3-2: Foul Ball, location: 2F
3-2: Fly out, F8 (Flyball, 8RM, EV 86.9 MPH)
Bottom of the 4th over - 0 runs, 1 hit, 0 errors, 1 left on base; Baltimore (APP) 4 - Pulaski 3
TOP OF THE 5TH
Baltimore (APP) Orioles batting - Pitching for Pulaski Yankees : RHP Casey Shaw
Batting: RHB Brett Steele 0-0: Called Strike
0-1: Hit by Pitch
Batting: RHB Rafael Medina 0-0: Called Strike
0-1: Ball
1-1: Ball
2-1: Fly out, F9 (Flyball, 9D, EV 86.3 MPH)
Pitching: LHP Eric Blais
Batting: RHB Eric Meijerink 0-0: Ball
Brett Steele steals 2nd base
1-0: Ball
2-0: Called Strike
Brett Steele steals 3rd base
2-1: Ball
3-1: Reached on error, E1 (Groundball, 13, EV 87.5 MPH)
Brett Steele scores
Batting: LHB Stu Sornson 0-0: Ball
1-0: Foul Ball, location: 2F
1-1: Swinging Strike
1-2: Ball
2-2: Ball
3-2: SINGLE (Groundball, 4MD, EV 97.5 MPH)
Eric Meijerink to second
Eric Meijerink to third
Batting: RHB Omar Mascarenas 0-0: Ball
Stu Sornson is caught stealing 2nd base 2-4
1-0: Fly out, F3 (Popup, 3, EV 61.9 MPH)
Top of the 5th over - 1 run, 1 hit, 1 error, 1 left on base; Baltimore (APP) 5 - Pulaski 3
BOTTOM OF THE 5TH
Pulaski Yankees batting - Pitching for Baltimore (APP) Orioles : RHP Nick Bentley
Batting: LHB Javier Casas 0-0: Ball
1-0: Foul Ball, location: 2F
1-1: Foul Ball, location: 2F
1-2: Ball
2-2: Foul Ball, location: 2F
2-2: Foul Ball, location: 2F
2-2: Ball
3-2: Base on Balls
Batting: RHB Bryan Shackelford 0-0: Ball
1-0: Called Strike
1-1: Foul Ball, location: 2F
1-2: Fielders Choice at 2nd, U4 (Groundball, 6M, EV 103.8 MPH)
Batting: LHB Aaron Caron 0-0: Foul Ball, location: 2F
0-1: Ball
1-1: Ball
2-1: Ball
3-1: Swinging Strike
3-2: Base on Balls
Bryan Shackelford to second
Batting: RHB Fernando Cruz 0-0: Ball
1-0: Fielders Choice at 2nd, 1-6 (Groundball, 13, EV 70.6 MPH)
Bryan Shackelford to third
Batting: RHB Raul Bueno 0-0: Fly out, F8 (Flyball, 8RD, EV 80.6 MPH)
Bottom of the 5th over - 0 runs, 0 hits, 0 errors, 2 left on base; Baltimore (APP) 5 - Pulaski 3
TOP OF THE 6TH
Baltimore (APP) Orioles batting - Pitching for Pulaski Yankees : LHP Eric Blais
Batting: RHB Sean Ward 0-0: Ground out 4-3 (Groundball, 4, EV 81.9 MPH)
Batting: RHB Andres Cervantes 0-0: Ball
1-0: Called Strike
1-1: Ball
2-1: Ball
3-1: Base on Balls
Batting: RHB Joel Escalera 0-0: Ball
1-0: Foul Ball, location: 2F
1-1: Swinging Strike
1-2: Ball
2-2: Ball
3-2: SINGLE (Groundball, 6D, EV 95.0 MPH)
Andres Cervantes to second
Batting: RHB Trevor Smith 0-0: Foul Ball, location: 2F
0-1: Swinging Strike
0-2: Fielders Choice at 2nd, 6-4 (Groundball, 6, EV 86.9 MPH)
Andres Cervantes to third
Batting: RHB Brett Steele 0-0: Foul Ball, location: 2F
0-1: Ball
1-1: Ball
2-1: Fielders Choice at 2nd, 5-4 (Groundball, 56, EV 111.3 MPH)
Top of the 6th over - 0 runs, 1 hit, 0 errors, 2 left on base; Baltimore (APP) 5 - Pulaski 3
BOTTOM OF THE 6TH
Pulaski Yankees batting - Pitching for Baltimore (APP) Orioles : RHP Nick Bentley
Batting: RHB David Rodriquez 0-0: Foul Ball, location: 2F
0-1: Ground out 6-3 (Groundball, 56, EV 91.3 MPH)
Batting: RHB Victor Quinones 0-0: Fly out, F7 (Flyball, 78S, EV 89.4 MPH)
Batting: RHB Stephen Charbonneau 0-0: Ball
1-0: SINGLE (Line Drive, 8RS, EV 100.0 MPH)
Batting: LHB Yao-pang Tien 0-0: Ball
1-0: Ball
2-0: Called Strike
2-1: Fielders Choice at 2nd, 6-4 (Groundball, 56, EV 87.5 MPH)
Bottom of the 6th over - 0 runs, 1 hit, 0 errors, 1 left on base; Baltimore (APP) 5 - Pulaski 3
TOP OF THE 7TH
Baltimore (APP) Orioles batting - Pitching for Pulaski Yankees : LHP Eric Blais
Batting: RHB Rafael Medina 0-0: Foul Ball, location: 2F
0-1: Called Strike
0-2: Ball
1-2: Ball
2-2: Ball
3-2: Fly out, F8 (Line Drive, 8RD, EV 98.1 MPH)
Batting: RHB Eric Meijerink 0-0: Ball
1-0: Ball
2-0: Ball
3-0: Base on Balls
Batting: LHB Stu Sornson 0-0: Ball
1-0: SINGLE (Groundball, 34D, EV 101.3 MPH)
Eric Meijerink to second
Batting: RHB Omar Mascarenas 0-0: Foul Ball, location: 2F
0-1: Grounds into double play, 4-6-3 (Groundball, 4, EV 102.5 MPH)
Top of the 7th over - 0 runs, 1 hit, 0 errors, 1 left on base; Baltimore (APP) 5 - Pulaski 3
BOTTOM OF THE 7TH
Pulaski Yankees batting - Pitching for Baltimore (APP) Orioles : RHP Nick Bentley
Pitching: LHP Josh Philbeck
Batting: LHB Javier Casas 0-0: Foul Ball, location: 2F
0-1: Called Strike
0-2: Strikes out swinging
Pitching: RHP Jose Alarcon
Batting: RHB Bryan Shackelford 0-0: Foul Ball, location: 2F
0-1: Foul Ball, location: 2F
0-2: Foul Ball, location: 2F
0-2: Ball
1-2: Ball
2-2: Foul Ball, location: 2F
2-2: Foul Ball, location: 2F
2-2: Ball
3-2: Fly out, F9 (Flyball, 89XD, EV 96.3 MPH)
Batting: LHB Aaron Caron 0-0: Foul Ball, location: 2F
0-1: Ball
1-1: Swinging Strike
1-2: Ball
2-2: Ground out 4-3 (Groundball, 4, EV 95.6 MPH)
Bottom of the 7th over - 0 runs, 0 hits, 0 errors, 0 left on base; Baltimore (APP) 5 - Pulaski 3
TOP OF THE 8TH
Baltimore (APP) Orioles batting - Pitching for Pulaski Yankees : LHP Eric Blais
Batting: RHB Sean Ward 0-0: Fly out, F7 (Flyball, 7S, EV 88.1 MPH)
Batting: RHB Andres Cervantes 0-0: Called Strike
0-1: Ball
1-1: Foul Ball, location: 2F
1-2: Fly out, F9 (Flyball, 9LS, EV 83.8 MPH)
Batting: RHB Joel Escalera 0-0: Swinging Strike
0-1: Ground out 5-3 (Groundball, 56S, EV 81.3 MPH)
Top of the 8th over - 0 runs, 0 hits, 0 errors, 0 left on base; Baltimore (APP) 5 - Pulaski 3
BOTTOM OF THE 8TH
Pulaski Yankees batting - Pitching for Baltimore (APP) Orioles : RHP Jose Alarcon
Batting: RHB Fernando Cruz 0-0: Ball
1-0: Ground out 5-3 (Groundball, 56, EV 105.6 MPH)
Batting: RHB Raul Bueno 0-0: Ball
1-0: Called Strike
1-1: SINGLE (Line Drive, 89S, EV 103.8 MPH)
Batting: RHB David Rodriquez 0-0: Ball
1-0: Ball
2-0: Called Strike
2-1: Ball
3-1: Called Strike
3-2: Fly out, F7 (Flyball, 7, EV 89.4 MPH)
Batting: RHB Victor Quinones 0-0: Ball
1-0: Foul Ball, location: 2F
1-1: Ball
2-1: Fielders Choice at 2nd, 6-4 (Groundball, 6, EV 87.5 MPH)
Bottom of the 8th over - 0 runs, 1 hit, 0 errors, 1 left on base; Baltimore (APP) 5 - Pulaski 3
TOP OF THE 9TH
Baltimore (APP) Orioles batting - Pitching for Pulaski Yankees : LHP Eric Blais
Batting: RHB Trevor Smith 0-0: Ball
1-0: Fly out, F8 (Flyball, 8RM, EV 89.4 MPH)
Batting: RHB Brett Steele 0-0: Called Strike
0-1: Ground out 2-3 (Groundball, 15S, EV 68.1 MPH)
Batting: RHB Rafael Medina 0-0: SINGLE (Flyball, 89M, EV 87.5 MPH)
Batting: RHB Eric Meijerink 0-0: Ball
1-0: Fly out, F7 (Flyball, 7D, EV 98.8 MPH)
Top of the 9th over - 0 runs, 1 hit, 0 errors, 1 left on base; Baltimore (APP) 5 - Pulaski 3
BOTTOM OF THE 9TH
Pulaski Yankees batting - Pitching for Baltimore (APP) Orioles : RHP Jose Alarcon
Pitching: RHP Graham Fish
Batting: RHB Stephen Charbonneau 0-0: Ball
1-0: Swinging Strike
1-1: Foul Ball, location: 2F
1-2: Fly out, F7 (Line Drive, 7D, EV 100.0 MPH)
Batting: LHB Yao-pang Tien 0-0: Ball
1-0: Called Strike
1-1: DOUBLE (Line Drive, 3D, EV 98.8 MPH)
Batting: LHB Javier Casas 0-0: Called Strike
0-1: Ball
1-1: Fly out, F2 (Popup, 2L, EV 96.9 MPH)
Batting: RHB Bryan Shackelford 0-0: Foul Ball, location: 2F
0-1: SINGLE (Line Drive, 56, EV 107.5 MPH)
Yao-pang Tien to third
Batting: LHB Aaron Caron 0-0: Ball
1-0: Called Strike
1-1: Foul Ball, location: 2F
1-2: Ball
2-2: Ground out 1-3 (Groundball, P, EV 75.6 MPH)
Bottom of the 9th over - 0 runs, 2 hits, 0 errors, 2 left on base; Baltimore (APP) 5 - Pulaski 3
Thursday, December 15th , 2022 - OOTP Baseball 23.9 Build 102